 Dungeon Crawl Stone Soup version 0.18.1-1-g2f07953 (webtiles) character file.

107 Chiseanne the Ogre Mage (level 4, -2/44 HPs)
             Began as an Ogre Air Elementalist on May 7, 2016.
             Was an Initiate of Gozag.
             Slain by a worm (7 damage)
             ... on level 3 of the Dungeon.
             The game lasted 00:07:08 (3878 turns).

Chiseanne the Ogre Mage (Ogre Air Elementalist)     Turns: 3878, Time: 00:07:08

Health: -2/44      AC:  4    Str: 13    XL:     4   Next: 86%
Magic:  7/8        EV: 10    Int: 14    God:    Gozag
Gold:   279        SH:  0    Dex: 11    Spells: 2 memorised, 6 levels left

rFire  . . .     SeeInvis .     a - +0 mace
rCold  . . .     Gourm    .     i - +1 robe
rNeg   . . .     Faith    .     (no shield)
rPois  .         Spirit   .     (helmet restricted)
rElec  .         Dismiss  .     (no cloak)
rCorr  .         Reflect  .     (gloves unavailable)
SustAt .         Harm     .     (boots unavailable)
MR     .....                    (no amulet)
Stlth  +.........               (no ring)
                                (no ring)

@: repel missiles, not resistant to hostile enchantments, very unstealthy
A: unfitting armour, tough skin 1
a: Potion Petition, Call Merchant, Bribe Branch, Renounce Religion


You were on level 3 of the Dungeon.
You worshipped Gozag.
Gozag was noncommittal.
You were not hungry.

You visited 1 branch of the dungeon, and saw 3 of its levels.

You collected 296 gold pieces.
You paid 17 gold pieces to Gozag.

Inventory:

Hand Weapons
 a - a +0 mace (weapon)
 o - a +0 flail
 w - a +0 hunting sling
Missiles
 e - 2 javelins (quivered)
 f - 112 stones
 h - 25 poisoned needles
 j - 52 arrows
 n - 79 sling bullets
 r - 19 bolts
Armour
 i - a +1 robe (worn)
Potions
 d - 2 potions of curing
 g - a potion of might
 k - a potion of mutation {unknown}
 l - a potion of degeneration {unknown}
 m - a potion of resistance
 p - a potion of invisibility
 q - a potion of haste {unknown}
Books
 b - a book of Air

   Spells                             Type                      Level
   a - Shock                          Conjuration/Air              1
   b - Swiftness                      Charms/Air                   2
   c - Repel Missiles                 Charms/Air                   2
   d - Static Discharge               Conjuration/Air              3
   e - Lightning Bolt                 Conjuration/Air              5
Comestibles
 c - a bread ration
 t - a meat ration


   Skills:
 * Level 2.9 Fighting
 * Level 2.3 Maces & Flails
 * Level 2.2 Throwing
 - Level 1.7 Dodging
 - Level 1.5 Stealth
 - Level 3.1 Spellcasting
 - Level 0.6 Conjurations
 - Level 2.1 Air Magic


You had 6 spell levels left.
You knew the following spells:

 Your Spells              Type           Power        Failure   Level  Hunger
a - Shock                 Conj/Air       #...         14%         1    #......
b - Repel Missiles        Chrm/Air       #.....       24%         2    ##.....


Dungeon Overview and Level Annotations

Branches:
Dungeon (3/15)

Altars:
Cheibriados
Fedhas
Gozag
Kikubaaqudgha
Nemelex Xobeh
Pakellas


Innate Abilities, Weirdness & Mutations

You are too large for most types of armour.
You have tough skin (AC +1).


Message History

The worm is heavily wounded.
The worm bites you!
You barely miss the worm.
The worm is heavily wounded.
The worm bites you.
You hit the worm but do no damage.
The worm is moderately wounded.
Your magical contamination has completely faded away.
You barely miss the worm.
The worm is moderately wounded.
The worm bites you.
You sock the worm!
The worm is severely wounded.
The worm bites you!
* * * LOW HITPOINT WARNING * * *
You barely miss the worm.
The worm is severely wounded.
The worm bites you!
You die...
Your body crumbles into a pile of gold.

# .# ###+###.## #........# ..#
#........# ..# #########........#
..###...........@w....#
...............$.###.##
.................###.############
............................>....
.................###.####.######.
..# ##.....#.###.# #.# #. ..#####
#.....#...#.# #.# #. ......#
#.....###.#.# #.# #.
......############.#.# #)# ####.


You could see a worm.

Vanquished Creatures
  3 adders
  A worm (D:3)
  3 orcs (D:3)
  3 ball pythons
  A giant cockroach (D:3)
  8 goblins
  14 hobgoblins
  8 jackals
  2 kobolds
  2 quokkas (D:3)
  9 bats
  3 giant newts
  10 rats
67 creatures vanquished.

Notes
Turn   | Place    | Note
--------------------------------------------------------------
     0 | D:1      | Chiseanne the Ogre Air Elementalist began the quest for the Orb.
     0 | D:1      | Reached XP level 1. HP: 16/16 MP: 3/3
   372 | D:1      | Reached skill level 1 in Fighting
   372 | D:1      | Reached XP level 2. HP: 27/27 MP: 0/5
   419 | D:1      | Reached skill level 1 in Throwing
  1235 | D:1      | Reached skill level 3 in Spellcasting
  1241 | D:1      | Reached XP level 3. HP: 16/33 MP: 1/7
  1396 | D:1      | Learned a level 2 spell: Repel Missiles
  1491 | D:1      | Reached skill level 1 in Maces & Flails
  1552 | D:2      | Found a snail-covered altar of Cheibriados.
  2178 | D:2      | Found an ancient bone altar of Kikubaaqudgha.
  2180 | D:2      | Found an oddly glowing altar of Pakellas.
  2229 | D:2      | Found a sparkling altar of Nemelex Xobeh.
  2229 | D:2      | Found an opulent altar of Gozag.
  2241 | D:2      | Became a worshipper of Gozag Ym Sagoz the Greedy
  2540 | D:2      | Reached XP level 4. HP: 33/44 MP: 0/8
  3171 | D:3      | Found a blossoming altar of Fedhas.
  3878 | D:3      | Slain by a worm

Skill      XL: |  1  2  3  4 |
---------------+-------------+-----
Fighting       | 1 2 |  2.9
Throwing       | 1 2 |  2.2
Spellcasting   | 3 |  3.1
Maces & Flails | 1 2 |  2.3
Dodging        | |  1.7
Stealth        | |  1.5
Conjurations   | |  0.6
Air Magic      | |  2.1

Action                   |  1- 3 |  4- 6 || total
-------------------------+-------+-------++-------
Melee: Unarmed           |    56 |       ||    56
       Club              |    64 |       ||    64
       Mace              |     4 |    75 ||    79
 Fire: Hunting sling     |     4 |    20 ||    24
Throw: Javelin           |       |     2 ||     2
 Cast: Shock             |    71 |    29 ||   100
       Repel Missiles    |     1 |       ||     1
  Use: Scroll            |       |     8 ||     8
 Stab: Sleeping          |       |     1 ||     1
  Eat: Chunk             |     5 |       ||     5
       Bread ration      |     1 |       ||     1
       Pizza             |     1 |       ||     1
Armor: Robe              |    57 |    24 ||    81
Dodge: Dodged            |    92 |    41 ||   133
